 Dungeon Crawl Stone Soup version 0.30-a0-830-gfe289a77b0 (webtiles) character file.

Game seed: 12197545127150982395

327 zenocrate the Chopper (level 6, -5/47 HPs)
             Began as a Formicid Fighter on Mar 1, 2023.
             Slain by a river rat (8 damage)
             ... summoned by Eustachio
             ... on level 4 of the Dungeon.
             The game lasted 00:04:37 (3332 turns).

zenocrate the Chopper (Formicid Fighter)            Turns: 3332, Time: 00:04:38

Health: -5/47      AC:  9    Str: 23    XL:     6   Next: 79%
Magic:  6/6        EV:  7    Int:  9    God:
Gold:   191        SH:  6    Dex: 19    Spells: 5/5 levels left

rFire   + . .      SeeInvis +    a - +1 war axe
rCold   . . .      Faith    .    c - +0 buckler
rNeg    . . .      Spirit   .    n - +0 chain mail
rPois   .          Reflect  .    (helmet unavailable)
rElec   .          Harm     .    (no cloak)
rCorr   +          Rampage  .    (no gloves)
Will    .....                    (no boots) Stlth
                                 m - amulet of the acrobat
HPRegen 0.27/turn                k - ring of protection from fire
MPRegen 0.10/turn                l - ring "Orphiuh" {Fly rCorr Int+2 Dex+6}

@: mighty, flying
A: permanent stasis, dig shafts and tunnels, antennae 3, four strong arms
a: Dig, Shaft Self


You were on level 4 of the Dungeon.
You visited 1 branch of the dungeon, and saw 4 of its levels.
You also visited: Sewer.

You collected 191 gold pieces.

Inventory:

Hand Weapons
 a - a +1 war axe (weapon)
Armour
 c - a +0 buckler (worn)
 n - a +0 chain mail (worn)
Jewellery
 e - an amulet of magic regeneration
 k - a ring of protection from fire (left hand)
 l - the ring "Orphiuh" (right hand) {Fly rCorr Int+2 Dex+6}
   (You acquired it in a sewer)

   [ring of dexterity]

   Int:       It affects your intelligence (+2).
   Dex:       It affects your dexterity (+6).
   Fly:       It grants you flight.
   rCorr:     It protects you from acid and corrosion.
 m - an amulet of the acrobat (around neck)
 p - a ring of protection from cold
Wands
 f - a wand of charming (15)
 s - a wand of flame (18)
Scrolls
 i - a scroll of enchant weapon
Potions
 b - a potion of heal wounds {unknown}
 d - 2 potions of might
 g - a potion of lignification
 h - 2 potions of haste {unknown}
 j - a potion of magic {unknown}
 o - a potion of mutation {unknown}
 q - a potion of resistance {unknown}


   Skills:
 - Level 3.2 Fighting
 + Level 6.7 Axes
 - Level 3.2 Armour
 - Level 4.0 Shields


You had 5 spell levels left.
You didn't know any spells.
Your spell library contained the following spells:

 Spells                   Type           Power      Damage    Failure   Level
 Shock                    Conj/Air       0%         1d3       99%         1
 Airstrike                Air            0%         2d(0-16)  100%        4
 Swiftness                Air            Unusable   N/A       N/A         3

Dungeon Overview and Level Annotations

Branches:
Dungeon (4/15)              Sewer (visited)
 Temple: D:4-7

Altars:
Vehumet

Annotations:
D:4 Eustachio


Innate Abilities, Weirdness & Mutations

You cannot be hasted, slowed, berserked, paralysed or teleported.
You can dig through walls and to a lower floor.
You have a pair of large antennae on your head. (SInv)
Your four strong arms can wield two-handed weapons with a shield.


Message History

You block the white imp's attack.
You closely miss Eustachio.
Eustachio is moderately wounded.
You slash the white imp! Eustachio hits you with a +0 falchion!
The white imp hits you but does no damage.
You hit Eustachio but do no damage.
Eustachio is moderately wounded.
You hit the white imp but do no damage. Eustachio barely misses you.
The white imp gestures at you. You block the puff of frost.
Eustachio casts a spell.
Eustachio blinks!
You feel very mighty all of a sudden. The white imp gestures at you.
The puff of frost hits you. The ogre barely misses you.
Eustachio mumbles some strange words.
You closely miss the ogre. You hit the white imp.
You kill the white imp!
The white imp disappears in a puff of smoke!
You barely miss the ogre. The ogre hits you with a +0 giant club!
You completely miss the ogre. You closely miss the rat.
You closely miss Eustachio. The rat bites you but does no damage.
The ogre hits you with a +0 giant club!
* * * LOW HITPOINT WARNING * * *
Eustachio barely misses you.
You slash the ogre!
The ogre is severely wounded.
You closely miss the rat. You slash Eustachio! You block the rat's attack.
Eustachio gestures wildly while chanting.
Eustachio blinks!
The ogre hits you with a +0 giant club.
* * * LOW HITPOINT WARNING * * *
You slash the ogre!
You kill the ogre!
You completely miss the rat. You slash the river rat!
The bat hits you but does no damage.
The river rat bites you but does no damage.
The rat barely misses you. The rat bites you.
* * * LOW HITPOINT WARNING * * *
The river rat bites you!
You die...

*+*+***,,,***,,***,* *,,**,* **,
,,*,+,*,,,.,*,,,,..# *,,**,* **,*
********,,#.#,,**..# *..**,***,**
,,>**,**,,#.#.,*#..###..,,,,,,**
*,,**,**,,#...,,.......,,,,***,**
**,**,**,,,....,.....#.#**** **,*
*,**,**,.###..##....#.# *,,
*,,,,,,,.....S5b....#.# *,*
****,********,#@r@..#.# *,*
*,,,,,,,,,,#r§##.#.# *,*
***********#..##.#.# *,*
#.......#######*,*
#<.##..........,,*
#..###..##########
#..#*#............
#......########### #..#####*


You could see Eustachio, a river rat (summoned), a shadow imp (summoned), a bat
(summoned), a ball python and a rat (summoned).

Vanquished Creatures
  An ogre (D:4)
  An orc priest (D:3)
  2 orc wizards (D:3)
  9 adders
  7 river rats (Sewer)
  2 worms (D:2)
  2 dart slugs
  9 orcs
  4 bats
  6 endoplasms
  5 giant cockroaches
  8 goblins
  3 hobgoblins
  3 jackals (Sewer)
  8 quokkas
  8 ball pythons
  15 frilled lizards
  7 kobolds
  5 rats
105 creatures vanquished.

Vanquished Creatures (others)
  19 plants
19 creatures vanquished.

Grand Total: 124 creatures vanquished

Notes
Turn   | Place    | Note
-------+----------+-------------------------------------------
     0 | D:1      | zenocrate the Formicid Fighter began the quest for the Orb.
     0 | D:1      | Reached XP level 1. HP: 18/18 MP: 1/1
   114 | D:1      | Reached XP level 2. HP: 24/24 MP: 2/2
   172 | D:1      | Reached skill level 3 in Axes
   657 | D:2      | Reached XP level 3. HP: 29/29 MP: 3/3
  1005 | D:2      | Reached skill level 4 in Axes
  1005 | D:2      | Reached XP level 4. HP: 26/35 MP: 4/4
  1671 | D:3      | Reached skill level 5 in Axes
  1671 | D:3      | Reached XP level 5. HP: 39/41 MP: 5/5
  1967 | D:3      | Found a glowing drain.
  1992 | Sewer    | Entered a sewer
  2001 | Sewer    | Reached XP level 6. HP: 44/47 MP: 6/6
  2035 | Sewer    | Reached skill level 6 in Axes
  2708 | Sewer    | Identified a scroll of acquirement
  2708 | Sewer    | Acquired the ring "Orphiuh" {Fly rCorr Int+2 Dex+6}
  2909 | D:3      | Found a radiant altar of Vehumet.
  3318 | D:4      | Noticed Eustachio
  3321 | D:4      | Noticed an ogre
  3332 | D:4      | Killed an ogre
  3332 | D:4      | Slain by a river rat

Illustrated notes

Levels and vault maps discovered:
D:1:      minmay_arrival_five_plusses, layout_basic, minmay_lizard_king
D:2:      minmay_angry_zag, layout_loops_ring, kennysheep_minor_cross,
          corexii_shack, kennysheep_generic_room_5
D:3:      layout_loops_cross, vehumet_crystals, portal_sewer_entry_f,
          minmay_joined_circles
D:4:      layout_loops_ring, nicolae_ossuary_entry_catacombs, uniq_menkaure,
          uniq_eustachio, uniq_edmund

Skill      XL: |  1  2  3  4  5  6 |
---------------+-------------------+-----
Axes           | 3 4 5 6 |  6.7
Fighting       | |  3.2
Armour         | |  3.2
Shields        | |  4.0

Action                     |  1- 3 |  4- 6 || total
---------------------------+-------+-------++-------
  Melee: War axe           |   112 |   179 ||   291
    Use: Scroll            |     5 |     7 ||    12
         Potion            |       |     1 ||     1
 Armour: Scale mail        |    44 |     9 ||    53
         Chain mail        |       |    71 ||    71
  Dodge: Dodged            |    52 |    88 ||   140
  Block: Buckler           |    38 |    55 ||    93

Table legend: (Time is in decaauts)
 A = Elapsed time spent in this place.
 B = Non-inter-level travel time spent in this place.
 C = Inter-level travel time spent in this place.
 D = Time resting spent in this place.
 E = Time spent auto-exploring this place.
 F = Levels seen in this place.
 G = Mean time per level.
                   A        B        C        D        E       F      G
               +--------+--------+--------+--------+--------+-----+--------+
         Total |   3558 |   3485 |     73 |    100 |   2513 |   5 |  711.6 |
       Dungeon |   2584 |   2511 |     73 |      0 |   1825 |   4 |  646.0 |
         Sewer |    973 |    973 |      0 |    100 |    688 |   1 |  973.0 |
               +--------+--------+--------+--------+--------+-----+--------+

Top non-repeatable levels by time:
     D:2: 1104 daAuts
   Sewer: 973 daAuts
     D:3: 822 daAuts
     D:1: 590 daAuts
     D:4: 67 daAuts
